 Dungeon Crawl Stone Soup version 0.27.1-34-g3ba077fa99 (webtiles) character file.

Game seed: 9769788939875303365

47 cbfl8 the Sneak (level 3, 0/33 HPs)
             Began as a Minotaur Delver on Jan 21, 2022.
             Slain by a black bear (2 damage)
             ... on level 4 of the Dungeon.
             The game lasted 00:01:04 (284 turns).

cbfl8 the Sneak (Minotaur Delver)                    Turns: 284, Time: 00:01:04

Health: 0/33       AC:  6    Str: 16    XL:     3   Next: 48%
Magic:  2/2        EV: 10    Int:  8    God:
Gold:   12         SH:  0    Dex: 11    Spells: 2/2 levels left

rFire    . . .     SeeInvis .   a - +0 hand axe
rCold    . . .     Faith    .   (no shield)
rNeg     . . .     Spirit   .   i - +0 scale mail
rPois    .         Reflect  .   (helmet restricted)
rElec    .         Harm     .   (no cloak)
rCorr    .         Rampage  .   (no gloves)
Will     .....                  (no boots)
Stlth    +.........             (no amulet)
HPRegen  0.11/turn              (no ring)
MPRegen  0.08/turn              (no ring)

@: no status effects
A: horns 2, retaliatory headbutt
a: no special abilities


You were on level 4 of the Dungeon.
You visited 1 branch of the dungeon, and saw 2 of its levels.

You collected 12 gold pieces.

Inventory:

Hand Weapons
 a - a +0 hand axe (weapon)
Missiles
 j - 3 boomerangs (quivered)
 k - 7 poisoned darts
Armour
 b - a +0 leather armour
 i - a +0 scale mail (worn)
Wands
 g - a wand of digging (3)
Scrolls
 c - a scroll of fog
 d - a scroll of magic mapping
 e - a scroll of fear
 h - a scroll of amnesia {unknown}
Potions
 f - a potion of haste


   Skills:
 + Level 3.9 Fighting
 + Level 2.8 Axes
 + Level 0.3 Armour
 + Level 2.3 Dodging
 + Level 4.9 Stealth


You had 2 spell levels left.
You didn't know any spells.
Your spell library was empty.

Dungeon Overview and Level Annotations

Branches:
Dungeon (5/15)
 Temple: D:4-7

Altars:


Innate Abilities, Weirdness & Mutations

You have a pair of horns on your head.
You reflexively headbutt those who attack you in melee.


Message History

The black bear barely misses you. x2
Unknown command.
You hit the black bear but do no damage.
Your headbutt misses the black bear.
The black bear is heavily wounded.
The black bear bites you but does no damage.
The black bear claws you.
The black bear claws you but does no damage.
You closely miss the black bear.
The black bear is heavily wounded.
The black bear bites you.
The black bear claws you but does no damage.
The black bear misses you.
Unknown command.
You closely miss the black bear.
The black bear is heavily wounded.
The black bear barely misses you. You furiously retaliate!
You headbutt the black bear! The black bear claws you.
The black bear claws you but does no damage.
You slash the black bear!
The black bear is almost dead.
The black bear goes berserk!
Unknown command.
You barely miss the black bear. Your headbutt misses the black bear.
The black bear is almost dead.
The black bear bites you but does no damage.
The black bear completely misses you. The black bear closely misses you.
The black bear bites you.
The black bear claws you but does no damage.
The black bear claws you.
You hit the black bear but do no damage.
The black bear is almost dead.
The black bear bites you!
* * * LOW HITPOINT WARNING * * *
The black bear claws you.
* * * LOW HITPOINT WARNING * * *
The black bear claws you.
* * * LOW HITPOINT WARNING * * *
The black bear bites you.
You die...

.# ##+#### ##### .#
...).)#####......####.#
#..)))............ ...#
#.##..####.#####h# #..#
#.....# #.# #@# #..#
####..# #. #.###..#
#.....# #. #......#
#.##..# #. #####.##
#.##..# #. #.# ...#..#
#. #.# ##.#..#
#.#########.#
#.#..####...........#
##.#.#......##########


You could see a black bear (berserk).

Vanquished Creatures
  A jelly (D:4)
  A dart slug (D:4)
  5 orcs (D:4)
  2 endoplasms (D:4)
9 creatures vanquished.

Notes
Turn   | Place    | Note
-------+----------+-------------------------------------------
     0 | D:5      | cbfl8 the Minotaur Delver began the quest for the Orb.
     0 | D:5      | Reached XP level 1. HP: 19/19 MP: 0/0
     4 | D:5      | Noticed an ice beast
    28 | D:4      | Reached XP level 2. HP: 18/27 MP: 1/1
   245 | D:4      | Reached XP level 3. HP: 29/33 MP: 2/2
   271 | D:4      | Noticed a black bear
   284 | D:4      | Slain by a black bear

Illustrated notes

Levels and vault maps discovered:
D:4:      layout_loops_ring, corexii_shack, minmay_fountain_box
D:5:      layout_cave_pools, nzn_wu_jian_council_hall

Action                   || total
-------------------------++-------
Melee: Hand axe          ||    25
       Headbutt          ||     5
 Stab: Sleeping          ||     1
Armor: Leather armour    ||     1
       Scale mail        ||    16
Dodge: Dodged            ||    22
